 Dungeon Crawl Stone Soup version 0.27.0-1-g7a089689b8 (console) character file.

Game seed: 16767875998497083345

540 jejorda2 the Ruffian (level 7, -3/58 HPs)
             Began as a Ghoul Venom Mage on Aug 1, 2021.
             Was a Priest of Sif Muna.
             Slain by a gnoll sergeant (10 damage)
             ... on level 5 of the Dungeon.
             The game lasted 00:31:19 (6816 turns).

jejorda2 the Ruffian (Ghoul Venom Mage)             Turns: 6816, Time: 00:31:20

Health: -3/58      AC:  4    Str: 12    XL:     7   Next: 26%
Magic:  3/17       EV: 15    Int: 12    God:    Sif Muna [***...]
Gold:   144        SH:  5    Dex:  9    Spells: 3/9 levels left

rFire    . . .     SeeInvis .     - Unarmed
rCold    + . .     Faith    .   (no shield)
rNeg     + + +     Spirit   .   q - +1 leather armour {Will+}
rPois    ∞         Reflect  +   (no helmet)
rElec    .         Harm     .   (no cloak)
rCorr    .         Rampage  .   (no gloves)
Will     +....                  (no boots)
Stlth    +.........             f - amulet of reflection
HPRegen  0.00/turn              t - ring of magical power
MPRegen  0.15/turn              u - +4 ring of evasion

@: very slightly contaminated, inhibited regen
A: claws 1, cold resistance 1, negative energy resistance 3, inhibited
regeneration, torment resistance 2
a: Renounce Religion, Channel Magic, Forget Spell


You were on level 5 of the Dungeon.
You worshipped Sif Muna.
Sif Muna was most pleased with you.
You visited 2 branches of the dungeon, and saw 6 of its levels.
You also visited: Sewer.

You collected 144 gold pieces.

Inventory:

Missiles
 n - 174 stones (quivered)
Armour
 q - a +1 leather armour of willpower (worn)
Jewellery
 f - an amulet of reflection (around neck)
 t - a ring of magical power (left claw)
 u - a +4 ring of evasion (right claw)
Scrolls
 a - 2 scrolls of silence {unknown}
 b - 2 scrolls of immolation {unknown}
 e - a scroll of magic mapping {unknown}
 h - a scroll of enchant weapon {unknown}
 i - 2 scrolls of fear {unknown}
 k - 2 scrolls of teleportation {unknown}
 m - 2 scrolls of fog {unknown}
 p - 4 scrolls of identify {unknown}
 r - a scroll of enchant armour {unknown}
Potions
 c - 3 potions of curing {unknown}
 d - 3 potions of might {unknown}
 g - a potion of magic {unknown}
 j - a potion of lignification {unknown}
 l - 2 potions of flight {unknown}
 o - 2 potions of degeneration {unknown}
 s - a potion of brilliance {unknown}


   Skills:
 + Level 3.8 Fighting
 - Level 1.7 Dodging
 - Level 2.1 Stealth
 + Level 4.3 Unarmed Combat
 - Level 1.7 Spellcasting
 + Level 2.3 Conjurations
 - Level 2.0 Transmutations
 + Level 2.2 Air Magic
 - Level 3.0 Poison Magic


You had 3 spell levels left.
You knew the following spells:

 Your Spells              Type           Power      Damage    Failure   Level
a - Sting                 Tmut/Pois      28%        1d4       13%         1
b - Poisonous Vapours     Pois/Air       14%        N/A       19%         2
c - Mephitic Cloud        Conj/Pois/Air  7%         N/A       36%         3

Your spell library contained the following spells:

 Spells                   Type           Power      Damage    Failure   Level
 Corpse Rot               Necr/Air       N/A        N/A       34%         2
 Blink                    Tloc           N/A        N/A       47%         2
 Lesser Beckoning         Tloc           0%         N/A       71%         3
 Olgreb's Toxic Radiance  Pois           8%         N/A       71%         4
 Freezing Cloud           Conj/Ice/Air   2%         6-21      99%         5
 Manifold Assault         Tloc           1%         N/A       100%        5


Dungeon Overview and Level Annotations

Branches:
Dungeon (5/15)             Temple (1/1) D:4           Sewer (visited)

Altars:
Qazlal
Sif Muna


Innate Abilities, Weirdness & Mutations

You thrive by killing the living.
You are immune to poison.
You have sharp fingernails.
Your flesh is cold resistant. (rC+)
You are immune to negative energy. (rN+++)
You do not regenerate when monsters are visible.
You are immune to unholy pain and torment.


Message History

The gnoll sergeant is lightly wounded.
The gnoll sergeant hits you with a +0 trident.
You scratch the gnoll sergeant but do no damage.
The gnoll sergeant is lightly wounded.
The gnoll sergeant hits you with a +0 trident!
* * * LOW HITPOINT WARNING * * *
Casting: Mephitic Cloud (dangerous; 36% risk of failure)
Confirm with . or Enter, or press ? or * to list all spells.
Aiming: Mephitic Cloud (dangerous; 36% risk of failure)
Press: ? - help, Shift-Dir - straight line, f/p - gnoll sergeant
Aim: a gnoll sergeant, wielding a +0 trident, wearing a +0 scale mail and wearing a +2 buckler of protection (lightly wounded, chance to affect: 81%)
You miscast Mephitic Cloud.
You are very lightly contaminated with residual magic.
Nothing appears to happen.
The gnoll sergeant hits you with a +0 trident!
* * * LOW HITPOINT WARNING * * *
Unknown command.
Casting: Mephitic Cloud (dangerous; 36% risk of failure)
Confirm with . or Enter, or press ? or * to list all spells.
Aiming: Mephitic Cloud (dangerous; 36% risk of failure)
Press: ? - help, Shift-Dir - straight line, f/p - gnoll sergeant
Aim: a gnoll sergeant, wielding a +0 trident, wearing a +0 scale mail and wearing a +2 buckler of protection (lightly wounded, chance to affect: 81%)
You miscast Mephitic Cloud.
Nothing appears to happen.
You block the bullfrog skeleton's attack.
The gnoll sergeant completely misses you.
Unknown command.
Casting: Mephitic Cloud (dangerous; 36% risk of failure)
Confirm with . or Enter, or press ? or * to list all spells.
Aiming: Mephitic Cloud (dangerous; 36% risk of failure)
Press: ? - help, Shift-Dir - straight line, f/p - gnoll sergeant
Aim: a gnoll sergeant, wielding a +0 trident, wearing a +0 scale mail and wearing a +2 buckler of protection (lightly wounded, chance to affect: 81%)
The ball explodes into a vile cloud!
The stinking cloud engulfs the gnoll sergeant but does no damage.
The gnoll sergeant is lightly wounded.
The stinking cloud engulfs the bullfrog skeleton but does no damage.
The stinking cloud engulfs you but does no damage.
The bullfrog skeleton misses you.
The gnoll sergeant is engulfed in noxious fumes.
The gnoll sergeant hits you with a +0 trident!
You die...

......###...............#......#
......#####...........#.......#
.......####...........##.....##
........##........<..###.....#
.>....#............##........#
......###..........###.##...##
.......##....#.○☼..##...#####
..........##.#.Zg○......#
.......##.##.#.○@○.....##
..###### .#..))....#### ...
##.)...#### .... #.##....###
..... .........#.#####
............##....##.###
...............#.......#
.................##
...............###


You could see a gnoll sergeant and a bullfrog skeleton.

Vanquished Creatures
  A bullfrog (Sewer)
  A gnoll shaman (D:5)
  An iguana (D:4)
  2 orc wizards
  9 adders
  7 gnolls (D:5)
  A shadow imp (D:4)
  An adder skeleton (D:4)
  2 dart slugs (D:1)
  7 worms
  7 orcs
  11 bats
  13 endoplasms
  11 giant cockroaches
  8 goblins
  8 hobgoblins
  5 jackals
  5 kobolds
  8 quokkas
  17 ball pythons
  14 frilled lizards
  4 rats
143 creatures vanquished.

Vanquished Creatures (collateral kills)
  A black bear (D:5)
1 creature vanquished.

Grand Total: 144 creatures vanquished

Notes
Turn   | Place    | Note
-------+----------+-------------------------------------------
     0 | D:1      | jejorda2 the Ghoul Venom Mage began the quest for the Orb.
     0 | D:1      | Reached XP level 1. HP: 14/14 MP: 2/2
    27 | D:1      | Reached skill level 1 in Transmutations
   393 | D:1      | Reached skill level 1 in Unarmed Combat
   393 | D:1      | Reached XP level 2. HP: 22/22 MP: 0/3
   396 | D:1      | Learned a level 2 spell: Poisonous Vapours
   670 | D:1      | Found a faded altar of an unknown god.
   683 | D:1      | Became a worshipper of Sif Muna the Loreminder
   683 | D:1      | Reached * piety under Sif Muna
   703 | D:1      | Reached skill level 1 in Fighting
   845 | D:1      | Reached XP level 3. HP: 28/28 MP: 0/4
   970 | D:1      | Reached skill level 2 in Unarmed Combat
  1799 | D:2      | Reached XP level 4. HP: 23/36 MP: 5/5
  1808 | D:2      | Reached ** piety under Sif Muna
  1828 | D:2      | Learned a level 3 spell: Mephitic Cloud
  2828 | D:3      | Reached XP level 5. HP: 25/42 MP: 1/6
  3118 | D:3      | Reached skill level 3 in Unarmed Combat
  3704 | D:4      | Found a glowing drain.
  3945 | Sewer    | Entered a sewer
  4000 | Sewer    | Reached skill level 1 in Conjurations
  4187 | Sewer    | Reached skill level 1 in Air Magic
  4378 | Sewer    | Reached *** piety under Sif Muna
  4724 | Sewer    | Reached XP level 6. HP: 50/50 MP: 4/7
  5120 | D:4      | HP: 2/51 [iguana (10)]
  5496 | D:4      | Found a staircase to the Ecumenical Temple.
  6039 | Temple   | Entered the Ecumenical Temple
  6064 | D:5      | Entered Level 5 of the Dungeon
  6082 | D:5      | Found a stormy altar of Qazlal.
  6091 | D:5      | Noticed a black bear
  6097 | D:5      | Killed a black bear
  6098 | D:5      | Reached skill level 4 in Unarmed Combat
  6098 | D:5      | Reached XP level 7. HP: 50/57 MP: 5/8
  6275 | D:4      | HP: 2/58 [adder (4)]
  6816 | D:5      | Slain by a gnoll sergeant

Illustrated notes

Levels and vault maps discovered:
D:1:      minmay_arrival_checkered_box, layout_rooms,
          shapermc_ecumenical_altar_notcrosses, st_stairs_11,
          minmay_heptomino_o4
D:2:      layout_basic, st_stairs_5, dk_noncrumbling_4, corexii_corridor_pit
D:3:      layout_loops_ring, minmay_misc_feat_chi
D:4:      layout_loops_cross, minmay_temple_entry_ruins,
          cheibrodos_sewer_entry_sluice
D:5:      layout_cave_pools, lemuel_tele_altar
Temple:   eino_temple_scatter_basement

Skill      XL: |  1  2  3  4  5  6 |
---------------+-------------------+-----
Transmutations | 1 2 |  2.0
Unarmed Combat | 1 2 3 4 |  4.3
Fighting       | 1 2 3 |  3.8
Conjurations   | 1 2 |  2.3
Air Magic      | 1 2 |  2.2
Dodging        | |  1.7
Stealth        | |  2.1
Spellcasting   | |  1.7
Poison Magic   | |  3.0

Action                   |  1- 3 |  4- 6 |  7- 9 || total
-------------------------+-------+-------+-------++-------
Melee: Unarmed           |    84 |   320 |    49 ||   453
       Punch             |       |     4 |     1 ||     5
Throw: Stone             |       |    31 |     3 ||    34
 Cast: Sting             |    24 |    39 |       ||    63
       Poisonous Vapours |     2 |    22 |     1 ||    25
       Mephitic Cloud    |       |       |     7 ||     7
  Use: Scroll            |       |     1 |       ||     1
 Stab: Sleeping          |     2 |     4 |       ||     6
       Confused          |       |       |     4 ||     4
Armor: Robe              |     3 |       |       ||     3
       Leather armour    |     6 |    59 |     1 ||    66
Dodge: Dodged            |    38 |   140 |    32 ||   210
Block: Other             |     8 |    70 |    11 ||    89
       Reflection        |       |     1 |       ||     1
